 Dungeon Crawl Stone Soup version 0.31-a0-232-gb1c03b2570 (webtiles) character file.

Game seed: 10647409472639406931

87 qw the Shooter (level 4, -1/37 HPs)
             Began as a Minotaur Hexslinger on July 7, 2023.
             Slain by an orc wizard
             ... wielding a +0 dagger
              (3 damage)
             ... on level 3 of the Dungeon.
             The game lasted 00:00:32 (1795 turns).

qw the Shooter (Minotaur Hexslinger)                Turns: 1795, Time: 00:00:33

Health: -1/37      AC:  4    Str: 12    XL:     4   Next: 28%
Magic:  4/4        EV: 12    Int: 10    God:
Gold:   86         SH:  0    Dex: 15    Spells: 4/5 levels left

rFire   . . .        Y - +2 sling
rCold   . . .        (no shield)
rNeg    . . .        h - +0 leather armour
rPois   .            (helmet restricted)
rElec   .            k - +0 cloak
rCorr   .            (no gloves)
SInv    .            (no boots)
Will    .....        (no amulet)
Stlth   +            (no ring)
HPRegen 0.26/turn    (no ring)
MPRegen 0.09/turn

%: no passive effects
@: no status effects
A: horns 2, retaliatory headbutt
a: no special abilities


You were on level 3 of the Dungeon.
You visited 1 branch of the dungeon, and saw 3 of its levels.

You collected 86 gold pieces.


Innate Abilities, Weirdness & Mutations

You have a pair of horns on your head.
You reflexively headbutt those who attack you in melee.


   Skills:
 - Level 2.5 Fighting
 + Level 4.6 Ranged Weapons
 - Level 2.1 Dodging
 - Level 1.0 Spellcasting
 - Level 2.0 Hexes


You had 4 spell levels left.
You knew the following spells:

 Your Spells              Type           Power      Damage    Failure   Level
a - Slow                  Hex            16%        N/A       19%         1

Your spell library contained the following spells:

 Spells                   Type           Power      Damage    Failure   Level
 Inner Flame              Hex/Fire       2%         N/A       65%         3
 Portal Projectile        Hex/Tloc       4%         N/A       65%         3
 Cause Fear               Hex            2%         N/A       88%         4

Inventory:

Hand Weapons
 Y - a +2 sling (weapon)
Armour
 h - a +0 leather armour (worn)
 k - a +0 cloak (worn)
Jewellery
 a - a ring of resist corrosion
Potions
 b - a potion of berserk rage {unknown}
 d - a potion of cancellation {unknown}
 f - 2 potions of curing
 j - a potion of mutation {unknown}

Dungeon Overview and Level Annotations

Branches:
Dungeon (3/15)

Altars:
The Shining One


Message History

You are confused.
You shoot a sling bullet.
You hear some strange, mumbled words.
Something tries to affect you, but you resist.
Something hits you.
You shoot a sling bullet. Something hits you but does no damage.
You shoot a sling bullet. Something hits you.
You shoot a sling bullet.
You hear some strange, mumbled words.
A magic dart appears from out of thin air!
The magic dart hits you!
You shoot a sling bullet. Something hits you.
You shoot a sling bullet.
You feel less confused. Something hits you.
You shoot a sling bullet. Something hits you.
You hear some strange, mumbled words.
You are confused.
You shoot a sling bullet. Something hits you.
You shoot a sling bullet.
You hear some strange, mumbled words.
A magic dart appears from out of thin air!
The magic dart hits you!
You shoot a sling bullet. Something barely misses you.
You shoot a sling bullet. Something hits you but does no damage.
You shoot a sling bullet.
You feel less confused. Something hits you. x2
You shoot a sling bullet. Something hits you.
You shoot a sling bullet. Something hits you.
You die...

#....#.#
#.##.#.# ..#
### #.#..#.#
..#...
#.#.##.#
..... ##
#.#....#
#.#.# ##.
#.######
.... #.#
#....).# #%.
##. ######.#
#{# #.
#....#.# #@#
#. #.##.#.#
#.# ####.
#.#..#.# #.#
#....
#.#.##.# #.#
#.##.
#.#....# #.#
#.##.
#.########.#
#.##.
#..........#
#.##.
############
#.... #####


There were no monsters in sight!

Vanquished Creatures
  An orc priest (D:3)
  2 adders
  A dart slug (D:2)
  An orc (D:3)
  4 ball pythons
  5 endoplasms
  A giant cockroach (D:2)
  5 goblins (D:2)
  3 hobgoblins
  6 kobolds
  2 bats
  2 frilled lizards
  3 rats
36 creatures vanquished.

Notes
Turn   | Place    | Note
-------+----------+-------------------------------------------
     0 | D:1      | qw the Minotaur Hexslinger began the quest for the Orb.
     0 | D:1      | Reached XP level 1. HP: 16/16 MP: 1/1
     0 | D:1      | 0 ||| qw: Version: 0.3-a-46-gb1f654a
     0 | D:1      | 0 ||| qw: Game counter: 2779
     0 | D:1      | 0 ||| qw: Melee chars always use a shield: true
     0 | D:1      | 0 ||| qw: God list: Okawaru
     0 | D:1      | 0 ||| qw: Allow faded altars: false
     0 | D:1      | 0 ||| qw: Do Orc after clearing Dungeon:15 true
     0 | D:1      | 0 ||| qw: Do second Lair branch before Depths: true
     0 | D:1      | 0 ||| qw: Lair rune preference: random
     0 | D:1      | 0 ||| qw: Goals: Normal
     0 | D:1      | 0 ||| PLANNING D:1-11
   486 | D:1      | Reached skill level 3 in Ranged Weapons
   590 | D:1      | Reached XP level 2. HP: 23/23 MP: 2/2
   706 | D:1      | 706 ||| UPGRADING to +0 leather armour.
   716 | D:1      | 716 ||| DROPPING +0 robe.
   717 | D:1      | 717 ||| UPGRADING to +0 cloak.
   722 | D:1      | 722 ||| READING scroll labelled NUV JYWERIN.
   723 | D:1      | 723 ||| READING scroll labelled CYEMITSUHI.
   724 | D:1      | 724 ||| READING scroll labelled POTEES INNUFFEIDU.
   725 | D:1      | 725 ||| DRINKING 3 fizzy amethyst potions.
   726 | D:1      | 726 ||| DROPPING scroll of poison.
   975 | D:2      | Reached XP level 3. HP: 28/30 MP: 3/3
  1479 | D:2      | 1479 ||| READING scroll labelled ARUKLO BIYDONT.
  1480 | D:2      | 1480 ||| READING scroll labelled QAGETIUDET.
  1624 | D:3      | Found a glowing golden altar of the Shining One.
  1648 | D:3      | Reached skill level 4 in Ranged Weapons
  1780 | D:3      | Reached XP level 4. HP: 29/37 MP: 4/4
  1790 | D:3      | HP: 8/37 [something/magic dart (8)]
  1793 | D:3      | HP: 3/37 [something (2)]
  1795 | D:3      | Slain by an orc wizard

Levels and vault maps discovered:
D:1:      minmay_arrival_semitransparent, layout_basic, minmay_misc_feat_doors
D:2:      layout_basic, serial_curves, eino_curves_02, eino_curves_03
D:3:      layout_loops_cross, mainiacjoe_overflow_small_starburst, serial_shops,
          shop, patterned_corridor

Skill      XL: |  1  2  3 |
---------------+----------+-----
Ranged Weapons | 3 4 |  4.6
Fighting       | 2 |  2.5
Dodging        | |  2.1
Spellcasting   | |  1.0
Hexes          | |  2.0

Action                     |  1- 3 |  4- 6 || total
---------------------------+-------+-------++-------
   Fire: Sling             |   100 |    16 ||   116
    Use: Scroll            |     5 |       ||     5
         Potion            |     1 |       ||     1
 Armour: Leather armour    |     2 |     3 ||     5
  Dodge: Dodged            |    16 |     1 ||    17

Table legend:
 A = Non-vault XP
 B = Vault XP
 C = Vault XP percentage of total XP
 D = Non-vault monster count
 E = Vault monster count
 F = Vault count percentage of total count
                 A         B        C        D         E       F
            +---------+---------+-------+---------+---------+-------
      Total |     125 |       0 |   0.0 |      36 |       0 |   0.0
            +---------+---------+-------+---------+---------+-------
        D:1 |      13 |       0 |   0.0 |       9 |       0 |   0.0
        D:2 |      52 |       0 |   0.0 |      21 |       0 |   0.0
        D:3 |      60 |       0 |   0.0 |       6 |       0 |   0.0
            +---------+---------+-------+---------+---------+-------
